 Dungeon Crawl Stone Soup version 0.30-a0-137-gd8773701ce (webtiles) character file.

Game seed: 5153878259878678189

403 kae the Firebug (level 6, 0/32 HPs)
             Began as a Tengu Fire Elementalist on Sept 23, 2022.
             Slain by a scorpion (5 damage)
             ... on level 3 of the Dungeon.
             The game lasted 00:03:23 (4165 turns).

kae the Firebug (Tengu Fire Elementalist)           Turns: 4165, Time: 00:03:23

Health: 0/32       AC:  3    Str:  9    XL:     6   Next: 86%
Magic:  5/11       EV: 14    Int: 17    God:
Gold:   157        SH:  0    Dex: 14    Spells: 2/11 levels left

rFire   . . .      SeeInvis .    (no weapon)
rCold   . . .      Faith    .    (no shield)
rNeg    . . .      Spirit   .    a - +0 robe
rPois   .          Reflect  .    (helmet restricted)
rElec   .          Harm     .    m - +0 cloak
rCorr   .          Rampage  .    (no gloves)
Will    .....                    (boots unavailable)
Stlth   ++........               (no amulet)
HPRegen 0.10/turn                (no ring)
MPRegen 0.12/turn                (no ring)

@: flying quickly and evasively, quick
A: beak, talons 3, nimble flight
a: no special abilities


You were on level 3 of the Dungeon.
You visited 1 branch of the dungeon, and saw 4 of its levels.

You collected 157 gold pieces.


Innate Abilities, Weirdness & Mutations

You have a beak for a mouth.
You have claws for feet.
Your magical nature lets you fly swiftly and evasively.


   Skills:
 - Level 2.1 Dodging
 - Level 2.0 Stealth
 + Level 3.2 Spellcasting
 * Level 5.5 Conjurations
 + Level 1.2 Hexes
 * Level 5.5 Fire Magic


You had 2 spell levels left.
You knew the following spells:

 Your Spells              Type           Power      Damage    Failure   Level
a - Foxfire               Conj/Fire      84%        2x1d8     1%          1
b - Scorch                Fire           42%        2d7       2%          2
c - Kindle Blastsparks    Fire/Tloc/Air  18%        2d11      24%         3
d - Inner Flame           Hex/Fire       14%        N/A       13%         3

Your spell library contained the following spells:

 Spells                   Type           Power      Damage    Failure   Level
 Static Discharge         Conj/Air       24%        2-3/arc   9%          2
 Flame Wave               Conj/Fire      21%        2d8       17%         4
 Arcjolt                  Conj/Air       6%         1d16      83%         5
 Lightning Bolt           Conj/Air       6%         1d18      83%         5
 Maxwell's Capacitive Co  Air            1%         ∞         100%        8

Inventory:

Missiles
 d - 9 poisoned darts
 h - 23 stones
 o - 3 boomerangs of dispersal {=f!f}
Armour
 a - a +0 robe (worn)
 m - a +0 cloak (worn)
   (You found it on level 3 of the Dungeon)
Scrolls
 f - a scroll of enchant weapon
 g - a scroll of summoning
 n - a scroll of teleportation {@r4}
Potions
 b - a potion of magic
 e - 2 potions of heal wounds {unknown}
 i - 4 potions of haste {unknown}
 j - a potion of resistance {unknown}
 k - a potion of berserk rage {!q}
 l - 2 potions of degeneration {unknown}
 p - a potion of cancellation {unknown}
 q - a potion of brilliance {unknown}

Dungeon Overview and Level Annotations

Branches:
Dungeon (4/15) Zot: 19932
 Temple: D:4-7

Altars:
Kikubaaqudgha
Okawaru
Zin

Shops:
D:3

* #######)........).#
.#.#.##..###...#.##
⌠.#.⌠.######...#.##
.#.#.#.## #...#...##
#.⌠.#...# #..###...###
.#.#.⌠.⌠# #.#)#......#
⌠.#..._.###)#......#.#
.#.#.⌠.⌠#......)s.##.#
#.⌠.#...###.#..#@###.#
.#.#.#.##.).#..#o###.#
⌠.#.⌠.#######..#...g.#
.#.#.## #.)####o.#
###### #.)# #..# .#
######..# #..# .#
####...##..# #..# .#
##.......#..####..#
.###.....∩....)......#


You could see a scorpion (combustible) and an orc.


Message History

You feel less confused.
The orc wizard hits you but does no damage.
The orc wizard casts a spell.
The orc wizard flickers and vanishes!
Deactivating autopickup; reactivate with Ctrl-A. 😮 MP[+1] 😮 HP[+1]
The orc closely misses you.
Found a ruby potion.
Found a stone staircase leading down.
A scorpion comes into view.
A magic dart appears from out of thin air!
The magic dart hits you.
* * * LOW HITPOINT WARNING * * *
😨 HP[-5] MP[+1]
You take 5 damage, and now have 16/32 hp.
You see here a necrophage corpse. 😮 HP[+1]
There is a stone staircase leading up, spattered with blood here.
Something hits you.
* * * LOW HITPOINT WARNING * * *
You fly upwards.
Reactivating autopickup.
There is a stone staircase leading down here. 😨 HP[-4]
You take 4 damage, and now have 13/32 hp.
Unknown command.
Casting: Foxfire (safe; 1% risk of failure)
Confirm with . or Enter, or press ? or * to list all spells.
Flames lash something.
Something hits you but does no damage.
Deactivating autopickup; reactivate with Ctrl-A. 😨 MP[-2]
You lost 2 mp, and now have 3/11 mp.
Casting: Scorch (safe; 2% risk of failure)
Confirm with . or Enter, or press ? or * to list all spells.
Flames lash something.
Something hits you but does no damage. 😨 MP[-1]
You lost 1 mp, and now have 2/11 mp.
Casting: Scorch (safe; 2% risk of failure)
Confirm with . or Enter, or press ? or * to list all spells.
Flames lash something.
Reactivating autopickup.
You feel a bit more experienced. 😨 MP[-2]
You lost 2 mp, and now have 0/11 mp.
Unknown command.
Key pressed, stopping explore.
Done exploring. 😕 HP[+14] MP[+11]
You regained 14 hp, and now have 27/32 hp.
Your mp is fully restored (11).
Done exploring.
Done exploring.
Done exploring.
You fly downwards.
The orc hits you with a +0 hand axe.
There is a stone staircase leading up, spattered with blood here. 😮 HP[-4]
You take 4 damage, and now have 23/32 hp.
The scorpion stings you. The orc closely misses you.
You fly upwards.
There is a stone staircase leading down here. 😮 HP[-4]
You take 4 damage, and now have 19/32 hp.
Casting: Scorch (safe; 2% risk of failure)
Confirm with . or Enter, or press ? or * to list all spells.
Flames lash the orc but do no damage.
The scorpion stings you.
* * * LOW HITPOINT WARNING * * *
The orc closely misses you. The scorpion stings you.
* * * LOW HITPOINT WARNING * * *
The orc hits you but does no damage.
The scorpion closely misses you. 😨 HP[-9] MP[-2]
You take 9 damage, and now have 10/32 hp.
MASSIVE DAMAGE!! (PAUSE)
You lost 2 mp, and now have 9/11 mp.
Casting: Scorch (safe; 2% risk of failure)
Confirm with . or Enter, or press ? or * to list all spells.
Flames lash the scorpion.
The scorpion's fire resistance burns away.
The orc completely misses you. The scorpion misses you.
The scorpion stings you.
* * * LOW HITPOINT WARNING * * *
The orc barely misses you. 😱 HP[-6] MP[-2]
You take 6 damage, and now have 4/32 hp.
You lost 2 mp, and now have 7/11 mp.
Unknown command.
Casting: Scorch (safe; 2% risk of failure)
Confirm with . or Enter, or press ? or * to list all spells.
Flames lash the scorpion.
The scorpion is burned terribly!
The scorpion misses you. The orc misses you. The scorpion stings you.
* * * LOW HITPOINT WARNING * * *
The orc closely misses you.
The scorpion barely misses you. 😱 HP[-3] MP[-2]
You take 3 damage, and now have 1/32 hp.
You lost 2 mp, and now have 5/11 mp.
Unknown command.
You feel better. The orc hits you with a +0 hand axe.
* * * LOW HITPOINT WARNING * * *
The scorpion stings you.
You die...

Skill      XL: |  1  2  3  4  5  6 |
---------------+-------------------+-----
Conjurations   | 2 3 4 5 |  5.5
Fire Magic     | 4 5 |  5.5
Spellcasting   | 3 |  3.2
Hexes          | 1 |  1.2
Dodging        | |  2.1
Stealth        | |  2.0

Action                   |  1- 3 |  4- 6 || total
-------------------------+-------+-------++-------
Melee: Unarmed           |       |     2 ||     2
 Cast: Foxfire           |    26 |   114 ||   140
       Scorch            |       |    18 ||    18
  Use: Scroll            |     4 |     4 ||     8
       Potion            |       |     1 ||     1
Armor: Robe              |       |    21 ||    21
Dodge: Dodged            |     1 |    80 ||    81

Levels and vault maps discovered:
D:1:      lemuel_arrival_room, layout_basic,
          shapermc_ecumenical_altar_mp_highgroup
D:2:      layout_basic, minmay_misc_feat_rows, grunt_decor_fettered,
          minmay_liquid_box, kennysheep_generic_room_2, uniq_natasha
D:3:      layout_loops_ring, zin_purify, okawaru_metal_pillars_1_2,
          kennysheep_vampire_church, gup_sewer_entry_bubbles
D:4:      layout_basic, trog_ov_bears_minmay, chequers_hall_statues_y,
          serial_park_tiny_pond, hangedman_glass_teeth, uniq_edmund

Notes
Turn   | Place    | Note
-------+----------+-------------------------------------------
     0 | D:1      | kae the Tengu Fire Elementalist began the quest for the
                  | Orb.
     0 | D:1      | Reached XP level 1. HP: 10/10 MP: 4/4
     0 | D:1      | magus.rc [v1.11.3]
   259 | D:1      | Found a faded altar of an unknown god.
   446 | D:1      | Reached skill level 2 in Conjurations
   446 | D:1      | Reached XP level 2. HP: 15/15 MP: 3/6
   449 | D:1      | Learned a level 2 spell: Scorch
   548 | D:1      | You pick up a book of Lightning and begin reading...
   548 | D:1      | You add the spells Static Discharge, Lightning Bolt,
                  | Arcjolt and Maxwell's Capacitive Coupling to your library.
  1060 | D:2      | Noticed Natasha
  1066 | D:2      | Killed Natasha
  1067 | D:2      | Reached skill level 4 in Fire Magic
  1067 | D:2      | Reached XP level 3. HP: 5/19 MP: 3/7
  1299 | D:2      | Noticed Natasha
  1305 | D:2      | Killed Natasha
  1306 | D:2      | Reached skill level 3 in Conjurations
  1306 | D:2      | Reached XP level 4. HP: 24/24 MP: 4/8
  1564 | D:2      | Noticed Natasha
  1573 | D:2      | Killed Natasha
  2157 | D:2      | Gained mutation: Your magical nature lets you fly swiftly
                  | and evasively. [Tengu growth]
  2157 | D:2      | Reached XP level 5. HP: 28/28 MP: 3/10
  2161 | D:2      | Learned a level 3 spell: Kindle Blastsparks
  2165 | D:2      | Learned a level 3 spell: Inner Flame
  2235 | D:2      | Reached skill level 4 in Conjurations
  2418 | D:3      | Found Zin's Purification Station.
  2418 | D:3      | Found a glowing silver altar of Zin.
  2956 | D:3      | Reached skill level 5 in Fire Magic
  2968 | D:3      | Reached XP level 6. HP: 27/32 MP: 1/11
  3226 | D:3      | Reached skill level 3 in Spellcasting
  3544 | D:3      | Reached skill level 5 in Conjurations
  3627 | D:3      | Found an iron altar of Okawaru.
  3785 | D:3      | Found an ancient bone altar of Kikubaaqudgha.
  3795 | D:3      | Reached skill level 1 in Hexes
  4162 | D:3      | HP: 4/32 [scorpion (6)]
  4164 | D:3      | HP: 1/32 [scorpion (4)]
  4165 | D:3      | Slain by a scorpion

Vanquished Creatures
  A necrophage (D:4)
  A vampire bat (D:3)
  An orc priest (D:3)
  Natasha (thrice) (D:2)
  2 orc wizards (D:3)
  4 gnolls
  An adder (D:3)
  A river rat (D:3)
  2 worms (D:3)
  A dart slug (D:2)
  11 orcs
  2 ball pythons
  2 bat skeletons (D:3)
  3 bat zombies (D:3)
  3 endoplasms
  4 giant cockroaches
  5 goblins
  7 hobgoblins
  4 jackals (D:2)
  5 quokkas
  2 bats
  3 frilled lizards
  6 rats
74 creatures vanquished.

Vanquished Creatures (collateral kills)
  A giant cockroach (D:3)
  2 kobolds (D:3)
  A frilled lizard (D:3)
4 creatures vanquished.

Vanquished Creatures (others)
  230 foxfires
230 creatures vanquished.

Grand Total: 308 creatures vanquished

Table legend:
 A = Non-vault XP
 B = Vault XP
 C = Vault XP percentage of total XP
 D = Non-vault monster count
 E = Vault monster count
 F = Vault count percentage of total count
                 A         B        C        D         E       F
            +---------+---------+-------+---------+---------+-------
      Total |     416 |     160 |  27.8 |      62 |      16 |  20.5
            +---------+---------+-------+---------+---------+-------
        D:1 |      17 |       0 |   0.0 |       9 |       0 |   0.0
        D:2 |     104 |      52 |  33.3 |      20 |       3 |  13.0
        D:3 |     208 |     108 |  34.2 |      31 |      13 |  29.5
        D:4 |      87 |       0 |   0.0 |       2 |       0 |   0.0
            +---------+---------+-------+---------+---------+-------

Illustrated notes

Table legend:
 A = Kills in this place as a percentage of kills in entire the game.
 B = Kills by you in this place as a percentage of kills by you in the entire game.
 C = Kills by friends in this place as a percentage of kills by friends in the entire game.
 D = Other kills in this place as a percentage of other kills in the entire game.
 E = Experience gained in this place as a percentage of experience gained in the entire game.
 F = Experience gained in this place divided by the number of levels of this place that you have seen.
                   A       B       C       D       E      F
               +-------+-------+-------+-------+-------+----------------------
         Total | 100.0 | 100.0 | 100.0 |   N/A | 100.0 | 144.0
       Dungeon | 100.0 | 100.0 | 100.0 |   N/A | 100.0 | 144.0
               +-------+-------+-------+-------+-------+----------------------

Table legend: (Time is in decaauts)
 A = Elapsed time spent in this place.
 B = Non-inter-level travel time spent in this place.
 C = Inter-level travel time spent in this place.
 D = Time resting spent in this place.
 E = Time spent auto-exploring this place.
 F = Levels seen in this place.
 G = Mean time per level.
                   A        B        C        D        E       F      G
               +--------+--------+--------+--------+--------+-----+--------+
         Total |   4066 |   3873 |    193 |    156 |   3119 |   4 | 1016.5 |
       Dungeon |   4066 |   3873 |    193 |    156 |   3119 |   4 | 1016.5 |
               +--------+--------+--------+--------+--------+-----+--------+

Top non-repeatable levels by time:
     D:2: 1536 daAuts
     D:3: 1414 daAuts
     D:1: 1048 daAuts
     D:4: 66 daAuts
